Map: Submarine LE

Players

Skarlife - Winner!

  • Race: Protoss Protoss
  • Spawn Location: 11:00

ThorEGo

  • Race: Terran Terran
  • League: Platinum
  • Spawn Location: 5:00

VOD

Have the link to the VOD?

Description

Time

  • Played on: June 29, 2020, 2:21 p.m.
  • Length: 13:31
Show
View Real Time Build Order
Export as new Build Order

Skarlife Protoss - Winner!

Build Orders:  

Get SALT Encoding   

  12  0:02  Probe  
  13  0:14  Probe  
  14  0:24  Pylon  
  14  0:27  Probe  
  15  0:42  Probe  
  16  0:46  Gateway  
  16  0:53  Assimilator  
  16  0:54  Probe  
  17  1:06  Probe  
  18  1:18  Probe  
  19  1:31  Probe  
  20  1:36  Cybernetics Core  
  20  1:42  Gateway  
  20  1:43  Probe  
  21  1:55  Probe  
  21  1:58  Assimilator  
  22  2:03  Warp Gate  
  22  2:07  Probe  
  23  2:16  Nexus  
  23  2:25  Pylon  
  23  2:35  Stalker  
  23  2:44  Probe  
  26  2:56  Probe  
  26  3:08  Probe  
  26  3:15  Stalker  
  28  3:20  Probe  
  29  3:32  Probe x2  
  31  3:41  Robotics Facility  
  31  3:44  Probe, Pylon  
  32  3:54  Probe  
  33  3:56  Probe  
  33  3:59  Stalker x2  
  38  4:06  Probe  
  38  4:08  Probe  
  40  4:18  Probe  
  40  4:20  Probe  
  42  4:25  Observer  
  42  4:30  Probe  
  44  4:32  Probe  
  44  4:35  Stalker x2  
  49  4:43  Observer, Probe  
  51  4:52  Gateway  
  51  4:53  Gateway  
  51  4:55  Gateway  
  51  4:57  Gateway  
  51  4:59  Twilight Council, Probe x2  
  53  5:02  Assimilator  
  53  5:11  Probe  
  54  5:16  Pylon  
  54  5:17  Pylon  
  54  5:19  Pylon  
  54  5:20  Pylon  
  54  5:33  Shield Battery  
  54  5:34  Probe, Shield Battery, Immortal  
  59  5:46  Stalker  
  61  5:55  Blink  
  61  5:59  Stalker  
  63  6:04  Stalker x2  
  63  6:05  Stalker x2  
  71  6:12  Probe x2  
  73  6:32  Nexus  
  73  6:33  Pylon  
  73  6:36  Pylon  
  73  6:38  Immortal  
  73  6:39  Assimilator  
  73  6:41  Probe x2  
  73  6:44  Assimilator  
  75  6:47  Assimilator  
  75  6:53  Probe x2  
  81  6:56  Sentry x2  
  85  7:15  Probe x2  
  87  7:25  Stalker x3  
  87  7:26  Stalker x3  
  99  7:40  Probe x2  
  101  7:49  Immortal  
  105  7:53  Forge  
  105  7:56  Charge  
  105  7:58  Forge  
  105  8:04  Probe x2  
  107  8:16  Probe x2  
  109  8:26  Protoss Ground Weapons Level 1  
  109  8:28  Probe  
  109  8:32  Nexus  
  109  8:33  Pylon  
  110  8:35  Pylon  
  110  8:38  Pylon  
  90  8:57  Stalker x3  
  90  8:58  Stalker x3  
  76  9:33  Stalker x6  
  88  9:50  Nexus  
  88  9:51  Pylon  
  88  9:53  Probe, Pylon  
  89  10:01  Probe  
  90  10:09  Probe  
  90  10:12  Probe x2  
  93  10:20  Probe  
  93  10:24  Probe  
  93  10:25  Warp Prism  
  97  10:29  Zealot x2  
  97  10:30  Zealot x4  
  97  10:32  Probe  
  110  10:39  Probe  
  110  10:40  Probe  
  112  11:00  Probe x3  
  112  11:01  Probe  
  116  11:10  Pylon  
  116  11:12  Probe x2, Pylon  
  116  11:13  Probe  
  116  11:15  Pylon  
  119  11:19  Zealot x5  
  119  11:20  Zealot  
  131  11:33  Probe x2  
  131  11:36  Gateway  
  131  11:37  Gateway  
  131  11:38  Gateway  
  133  11:40  Gateway  
  133  11:59  Zealot  
  133  12:00  Zealot x5  
  145  12:15  Robotics Bay  
  145  12:19  Probe x4, Shield Battery  
  149  12:31  Probe x2  
  149  12:35  Assimilator  
  149  12:36  Assimilator  
  151  12:37  Zealot x5  
  151  12:38  Zealot x5  
  113  13:12  Zealot x5  
  111  13:13  Zealot x5  
Show
View Real Time Build Order
Export as new Build Order

ThorEGo Terran 

Build Orders:  

Get SALT Encoding   

  12  0:01  SCV  
  13  0:16  Supply Depot  
  13  0:21  SCV  
  14  0:33  SCV  
  15  0:40  Barracks  
  15  0:42  Refinery  
  15  0:48  SCV  
  16  1:01  SCV  
  17  1:13  SCV  
  18  1:25  SCV  
  19  1:32  Reaper  
  20  1:35  Refinery  
  20  1:41  Supply Depot  
  20  1:47  Orbital Command  
  20  2:03  Factory  
  20  2:04  Marine  
  21  2:14  SCV  
  22  2:22  Marine  
  23  2:26  SCV  
  24  2:38  SCV  
  24  2:39  Marine  
  26  2:47  Starport  
  26  2:48  Factory Tech Lab  
  26  2:51  SCV  
  27  2:55  Bunker  
  27  3:04  SCV  
  28  3:06  Marine  
  29  3:16  Engineering Bay  
  29  3:24  Supply Depot  
  29  3:26  Starport Reactor  
  29  3:31  Supply Depot  
  29  3:36  SCV  
  29  3:37  Barracks Reactor  
  30  3:44  Supply Depot  
  30  3:45  Cyclone  
  30  3:47  Missile Turret  
  33  3:56  SCV  
  33  4:01  Command Center  
  34  4:11  Medivac x2  
  34  4:17  Marine x2  
  40  4:24  Cyclone  
  40  4:26  SCV  
  44  4:34  Marine  
  44  4:35  Marine  
  46  4:44  SCV  
  47  4:52  Marine x2  
  48  4:54  Barracks  
  48  4:56  Siege Tank  
  48  4:57  SCV  
  53  5:09  SCV  
  53  5:10  Marine  
  55  5:28  Barracks  
  55  5:31  Supply Depot  
  55  5:40  Marine x2, SCV x2  
  52  6:01  SCV  
  52  6:02  SCV  
  52  6:03  Barracks Tech Lab  
  54  6:07  Barracks  
  54  6:14  SCV x2  
  54  6:18  Barracks Tech Lab  
  56  6:24  Stimpack  
  56  6:26  SCV  
  56  6:30  Orbital Command  
  57  6:41  Combat Shield  
  57  6:43  Terran Infantry Weapons Level 1  
  57  6:47  SCV  
  57  6:48  Marine x4  
  62  6:56  Cyclone  
  62  6:59  SCV  
  66  7:02  Command Center  
  66  7:04  SCV  
  66  7:06  Marine x2  
  69  7:17  Supply Depot  
  69  7:18  Engineering Bay  
  69  7:22  Supply Depot  
  69  7:25  Barracks Tech Lab  
  69  7:27  SCV x2  
  71  7:38  Missile Turret  
  71  7:39  SCV  
  71  7:40  Refinery, SCV  
  71  7:41  Marine x4  
  71  7:42  Refinery  
  77  7:47  Barracks  
  77  7:55  SCV x2, Barracks  
  77  7:58  Terran Infantry Armor Level 1  
  79  7:59  Marine  
  79  8:02  Armory  
  80  8:07  SCV  
  80  8:09  Marine x2  
  80  8:11  SCV  
  80  8:12  Marine x2  
  85  8:17  Marine  
  85  8:19  SCV  
  88  8:23  SCV  
  89  8:27  Marine x2  
  89  8:30  Marine x2  
  89  8:34  Marine, Medivac x2  
  95  8:35  Sensor Tower  
  94  8:52  Marine  
  86  8:55  Marine x2  
  86  8:56  Marine  
  77  9:05  Marine x2  
  70  9:10  Marine  
  70  9:13  Marine x3, SCV x2  
  61  9:22  Marine  
  61  9:23  Marine  
  60  9:25  SCV  
  60  9:28  Marine  
  60  9:31  Marine x3  
  62  9:37  SCV  
  66  9:40  Marine x2  
  66  9:45  SCV  
  69  9:46  Marine  
  69  9:49  Marine x2, SCV  
  73  9:57  SCV  
  70  10:02  SCV  
  70  10:04  Medivac  
  71  10:12  SCV  
  71  10:14  SCV  
  73  10:24  SCV  
  74  10:31  Barracks Reactor  
  74  10:33  Command Center  
  74  10:36  SCV  
  74  10:38  Planetary Fortress  
  73  10:58  Marine x5  
  73  11:00  SCV  
  78  11:08  Marine x2  
  78  11:11  Medivac  
  82  11:12  Medivac, SCV  
  82  11:16  Marine x5  
  90  11:24  Siege Tank, SCV  
  94  11:44  Marine x2, SCV  
  97  11:47  Marine x2  
  97  11:48  Marine x3  
  102  11:56  Siege Tank  
  105  12:05  Marine x3, Sensor Tower  
  105  12:06  Marine  
  109  12:10  Orbital Command  
  109  12:17  Sensor Tower  
  109  12:27  Refinery  
  109  12:53  Marine  
  109  12:54  Marine x4  
  109  12:55  Marine x2  
  109  12:56  Siege Tank  
  88  13:11  Marine  
  88  13:12  Marine x4  
  71  13:13  Marine x2  
Tags
 
League
Platinum
Matchup
PvT
Spawn Locations
Cross Positions
Add a new tag
Caveats
  • Supply blocks, unpowered buildings, or Contaminate may cause inaccurate times.
  • Supply counts are checked every 10 seconds.